 Dungeon Crawl Stone Soup version 0.24.0-13-gcf9b3192b9 (webtiles) character file.

Game seed: 16173827377996856514, levelgen mode: deterministic

600661 syranez the Axe Maniac (level 26, -2/257 HPs)
             Began as a Minotaur Berserker on Nov 7, 2019.
             Was the Champion of Trog.
             Killed from afar by a fire giant (10 damage)
             ... with a bolt of fire
             ... on level 2 of the Realm of Zot on Nov 8, 2019.
             The game lasted 01:57:53 (77076 turns).

syranez the Axe Maniac (Minotaur Berserker)        Turns: 77076, Time: 01:57:54

Health: -2/257     AC: 39    Str: 33    XL:     26   Next: 47%
Magic:  10/10      EV: 24    Int: 16    God:    Trog [******]
Gold:   5804       SH:  3    Dex: 20    Spells: 25/25 levels left

rFire    + . .     SeeInvis +   T - +9 battleaxe of Insufficient Pleasure {antimagic, MR+ Dex+5}
rCold    + . .     Gourm    .   (shield currently unavailable)
rNeg     + . .     Faith    .   Q - +0 gold dragon scales
rPois    +         Spirit   .   S - +2 hat {SInv}
rElec    +         Reflect  +   k - +2 cloak {MR+}
rCorr    .         Harm     .   b - +2 pair of gloves {archery}
MR       +++..                  X - +2 pair of boots "Kanno" {+Fly Str-3 Int+9 Dex-4}
Stlth    ..........             f - +3 amulet of reflection
HPRegen  0.52/turn              j - ring "Hanefru" {rElec rN+ Str-3 Int+3 Dex+4}
MPRegen  0.12/turn              N - ring "Zoukio" {+Fly Str+7 Dex+3}

@: about to teleport, berserk cooldown, slowed, studying Dodging, very slow
A: retaliatory headbutt, horns 2, deterioration 1
}: 3/15 runes: decaying, serpentine, silver
a: Berserk, Trog's Hand, Brothers in Arms, Renounce Religion, Evoke Flight


You were on level 2 of the Realm of Zot.
You worshipped Trog.
Trog was exalted by your worship.
You were not hungry.

You visited 9 branches of the dungeon, and saw 46 of its levels.
You also visited: Volcano and Wizlab.

You collected 9205 gold pieces.
You spent 3401 gold pieces at shops.

Inventory:

Hand Weapons
 a - the +8 battleaxe of the Onslaught {flame, rC++ Str+4}
   (Trog gifted it to you on level 4 of the Snake Pit)

   It has been specially enchanted to burn those struck by it, causing extra
   injury to most foes and up to half again as much damage against particularly
   susceptible opponents.
   Big, fiery blades are also staple armaments of hydra-hunters.
   It affects your strength (+4).
   It greatly protects you from cold.
 T - the +9 battleaxe of Insufficient Pleasure (weapon) {antimagic, MR+ Dex+5}
   (Trog gifted it to you on level 4 of the Snake Pit)

   It reduces the magical energy of the wielder, and disrupts the spells and
   magical abilities of those hit.
   Natural abilities and divine invocations are not affected.
   It affects your dexterity (+5).
   It affects your resistance to hostile enchantments.
Missiles
 E - a throwing net
 F - 93 boomerangs
 W - 11 silver javelins (quivered)
Armour
 b - a +2 pair of gloves of archery (worn)
 k - a +2 cloak of magic resistance (worn)
 Q - +0 gold dragon scales (worn)
 S - a +2 hat of see invisible (worn)
 X - the +2 pair of boots "Kanno" (worn) {+Fly Str-3 Int+9 Dex-4}
   (You acquired it on level 5 of the Vaults)

   It affects your strength (-3).
   It affects your intelligence (+9).
   It affects your dexterity (-4).
   It lets you fly.
Jewellery
 f - a +3 amulet of reflection (around neck)
 j - the ring "Hanefru" (left hand) {rElec rN+ Str-3 Int+3 Dex+4}
   (You took it off a deep elf knight on level 3 of the Elven Halls)

   [ring of intelligence]

   It affects your strength (-3).
   It affects your intelligence (+3).
   It affects your dexterity (+4).
   It insulates you from electricity.
   It protects you from negative energy.
 r - an uncursed ring of resist corrosion
 y - an uncursed ring of protection from cold
 N - the ring "Zoukio" (right hand) {+Fly Str+7 Dex+3}
   (You found it on level 3 of the Lair of Beasts)

   [ring of flight]

   It affects your strength (+7).
   It affects your dexterity (+3).
   It lets you fly.
 P - an uncursed ring of ice
 V - the ring "Qiapt" {Fire rElec rPois SInv Stlth+}
   (You took it off a deep elf mage on level 3 of the Elven Halls)

   [ring of fire]

   It enhances your fire magic.
   It protects you from fire.
   It makes you vulnerable to cold.
   It insulates you from electricity.
   It protects you from poison.
   It lets you see invisible.
   It makes you more stealthy.
Wands
 i - a wand of iceblast (2)
 l - a wand of enslavement (10)
 n - a wand of digging (18)
 q - a wand of paralysis (22)
 G - a wand of polymorph (18)
 H - a wand of acid (26)
 O - a wand of flame (86)
Scrolls
 m - 6 scrolls of noise
 o - 2 scrolls of summoning
 t - 4 scrolls of fear
 w - 8 scrolls of fog
 x - 6 scrolls of immolation
 B - 10 scrolls of teleportation
 K - 24 scrolls of remove curse
 M - 7 scrolls of magic mapping
 R - 4 scrolls of silence
 U - 4 scrolls of blinking
Potions
 d - 7 potions of might
 e - 7 potions of flight
 g - 7 potions of cancellation
 h - 10 potions of agility
 p - 4 potions of resistance
 s - 2 potions of mutation
 u - 5 potions of haste
 v - 8 potions of heal wounds
 z - 9 potions of lignification
 A - 15 potions of brilliance
 C - 7 potions of berserk rage
 D - 4 potions of magic
 J - 17 potions of curing
 L - 8 potions of ambrosia
 Y - 3 potions of invisibility
Books
 Z - a manual of Dodging
Miscellaneous
 I - 3 phantom mirrors
Comestibles
 c - 46 rations


   Skills:
 + Level 24.9 Fighting
 O Level 27 Axes
 + Level 24.8 Armour
 + Level 24.4 Dodging
 - Level 11.0 Evocations


You had 25 spell levels left.
You didn't know any spells.
Your spell library was empty.

Dungeon Overview and Level Annotations

Branches:
Dungeon (15/15)            Temple (0/1) D:6            Lair (6/6) D:9
  Swamp (4/4) Lair:3        Snake (4/4) Lair:2        Slime (0/5) Lair:5
    Orc (2/2) D:12            Elf (3/3) Orc:2        Vaults (5/5) D:14
  Crypt (0/3) Vaults:2     Depths (5/5) D:15            Zot (2/5) Depths:5
Volcano (visited)          WizLab (visited)

Altars:
Ashenzari
Dithmenos
Gozag
Kikubaaqudgha
Makhleb
Nemelex Xobeh
Sif Muna
Trog
Vehumet
Yredelemnul
Beogh
Jiyva

Shops:
D:4 }   D:15 [   Orc:2 :(??   Elf:1 *   Snake:1 !   Vaults:1 %   Vaults:3 :
Vaults:4 :[}?   Depths:1 (   Depths:2 }   Depths:4 *[[   Depths:5 }(**[

Portals:
Hell: Depths:1 Depths:2 Depths:3 Depths:4 Depths:5
Abyss: Depths:2 Depths:4 Depths:5
Pandemonium: Depths:2 Depths:3
Ziggurat: Depths:4

Annotations:
Elf:2 2 runed translucent doors


Innate Abilities, Weirdness & Mutations

You reflexively headbutt those who attack you in melee.
You have a pair of horns on your head.
Your body sometimes deteriorates upon taking damage.


Message History

You furiously retaliate!
You headbutt the iron troll! The iron troll misses you.
The iron troll claws you.
* * * LOW HITPOINT WARNING * * *
The ettin completely misses you. You furiously retaliate!
You headbutt the ettin! The ettin barely misses you.
The stone giant hits you but does no damage.
You feel much better. The ettin misses you. You furiously retaliate!
You headbutt the ettin. The ettin closely misses you.
The iron troll bites you but does no damage.
The iron troll claws you but does no damage.
The iron troll closely misses you. The stone giant hits you!!!
* * * LOW HITPOINT WARNING * * *
The fire giant casts a spell at you. The bolt of fire misses you.
The ettin completely misses you. You furiously retaliate!
You headbutt the ettin!
The ettin hits you with a +0 dire flail.
* * * LOW HITPOINT WARNING * * *
The fire giant points at you and mumbles some strange words.
The bolt of fire hits you! You resist.
You die...

#...# #.
#...# #.
###.# ###.
###### #.#
#... O.....
#.# #...
..yC #)#
#...
#########)#
###.
...8TTTC#[#
##


...ORTCC@C# # ....TTyTC†# .......T'.# ...8....### ######### yyTC .TOyO ##### You
could see 2 fire giants, 6 iron trolls, 3 stone giants, 2 ettins, 2 two-headed
ogres, 4 moths of wrath, 4 trolls, an efreet and 2 ogres.

Vanquished Creatures
  An ancient lich (Vaults:5)
  An orb of fire (Zot:1)
  Mennas (Vaults:3)
  3 greater mummies (Depths:2)
  Margery (Depths:2)
  Bai Suzhen (Snake:3)
  Boris (Vaults:4)
  Frederick (Depths:3)
  Saint Roka (Orc:2)
  Xtahua (Depths:2)
  A curse toe (Zot:2)
  6 golden dragons
  Jory (Vaults:3)
  Nikola (Snake:2)
  An electric golem (Zot:1)
  10 tentacled monstrosities
  A lich (Depths:3)
  Jorgrun (Swamp:3)
  5 quicksilver dragons
  A deep elf blademaster (Elf:3)
  9 titans
  2 deep elf master archers (Elf:3)
  Gastronok (D:10)
  3 thorn hunters
  A death cob (Zot:2)
  3 sphinxes (Vaults:5)
  Roxanne (Snake:2)
  10 storm dragons
  14 fire giants
  6 shadow dragons
  12 nagarajas
  7 tengu reavers
  A draconian knight (Zot:1)
  15 vault wardens
  An iron dragon (Depths:3)
  3 deep elf sorcerers (Elf:3)
  12 frost giants
  A draconian scorcher (Depths:5)
  A ghost moth (Zot:1)
  Aizul (Snake:2)
  A draconian stormcaller (Depths:5)
  An angel (Depths:4)
  6 deep elf elementalists (Elf:3)
  A draconian shifter (Depths:5)
  2 draconian annihilators (Zot:1)
  A juggernaut zombie (WizLab)
  18 ironheart preservers
  21 very ugly things
  A war gargoyle (Vaults:5)
  22 stone giants
  9 green draconians
  4 vampire knights
  2 entropy weavers (Lair:6)
  3 black draconians
  7 deep elf demonologists
  10 deep elf annihilators
  4 red draconians
  6 dire elephants (Lair:6)
  6 purple draconians
  5 yellow draconians
  4 white draconians
  A blizzard demon (Depths:2)
  An ettin (shapeshifter) (D:15)
  6 spark wasps
  12 ettins
  Josephine (D:11)
  3 mummy priests
  17 ogre magi
  10 deep elf death magi
  Erolcha (D:11)
  16 yaktaur captains
  4 deep elf high priests (Elf:3)
  13 fire dragons
  13 great orbs of eyes
  29 vault guards
  5 shambling mangroves
  8 hydras
  20 naga warriors
  3 rakshasas
  16 ice dragons
  4 ghost crabs
  A hydra (shapeshifter) (Depths:1)
  A catoblepas (D:15)
  2 spriggan air magi
  7 centaur warriors
  15 alligators
  6 anacondas
  17 dancing weapons
  56 two-headed ogres
  A death knight (Vaults:2)
  9 tengu warriors
  6 deep troll earth magi
  7 deep troll shamans
  A shock serpent (Snake:4)
  5 orc high priests (Orc:2)
  4 spriggan berserkers
  A vampire mage (Depths:3)
  A soul eater (Depths:2)
  9 spriggans
  A queen ant (Lair:6)
  Urug (D:12)
  6 naga sharpshooters
  10 deep elf knights
  7 skeletal warriors
  4 salamander mystics
  6 shadow wraiths
  2 iron trolls (Zot:2)
  17 deep trolls
  4 unseen horrors
  22 hell knights
  A glowing orange brain (shapeshifter) (Depths:1)
  An unseen horror (shapeshifter) (D:15)
  4 flayed ghosts
  4 swamp dragons
  9 wizards
  8 naga ritualists
  2 spriggan druids
  18 deep elf archers
  6 glowing orange brains
  8 harpies
  A lindwurm (Swamp:4)
  38 deep elf magi
  17 orc knights
  14 ironbrand convokers
  7 necromancers
  A phantasmal warrior (Vaults:5)
  A lindwurm (shapeshifter) (Vaults:5)
  A sphinx zombie (Vaults:3)
  7 orc sorcerers
  2 stone giant zombies
  8 mana vipers
  2 wolf spider zombies
  15 salamanders
  A faun (shapeshifter) (Vaults:2)
  11 wolf spiders
  10 cyclopes
  4 manticores
  An iron dragon zombie (Depths:2)
  38 ugly things
  3 oklob plants
  A sphinx skeleton (Vaults:4)
  A cyclops (shapeshifter) (Depths:4)
  13 elephants
  5 toenail golems (Volcano)
  6 guardian serpents
  18 vault sentinels
  Maurice (D:8)
  13 moths of wrath
  2 human skeletons
  A rust devil (Depths:2)
  A fire giant skeleton (Vaults:3)
  A gargoyle (D:12)
  31 black mambas
  21 naga magi
  16 spiny frogs
  A storm dragon simulacrum (Depths:2)
  4 kobold demonologists
  6 freezing wraiths
  2 rime drakes
  2 efreet
  68 yaktaurs
  3 human zombies
  2 small abominations
  10 komodo dragons
  A guardian mummy (WizLab)
  A jumping spider (shapeshifter) (Elf:1)
  A spriggan skeleton (Depths:2)
  2 tengu conjurers
  16 trolls
  A meliai (shapeshifter) (Vaults:5)
  9 polar bears
  34 blink frogs
  6 tyrant leeches
  2 trolls (shapeshifter)
  Grinder (D:5)
  A tengu simulacrum (Vaults:1)
  A harpy skeleton (D:14)
  19 hornets
  A wind drake (shapeshifter) (D:15)
  5 bog bodies
  46 slime creatures
  Prince Ribbit (D:5)
  A dream sheep (shapeshifter) (Depths:2)
  11 hippogriffs
  A spriggan zombie (Depths:2)
  3 air elementals
  An ice dragon zombie (Vaults:1)
  A hippogriff (shapeshifter) (Vaults:4)
  A deep troll zombie (WizLab)
  A centaur simulacrum (D:13)
  9 water elementals
  38 yaks
  A spriggan (shapeshifter) (Depths:3)
  3 shadows
  A tarantella (shapeshifter) (Vaults:1)
  6 wraiths
  3 yaks (shapeshifter)
  A fire elemental (Elf:3)
  3 fire bats (Depths:4)
  A wyvern (D:14)
  A chaos spawn (Depths:2)
  2 basilisks
  Grum (D:10)
  A neqoxec (Depths:2)
  An elf skeleton (Vaults:1)
  4 hungry ghosts
  A two-headed ogre zombie (D:12)
  21 vampire mosquitoes
  4 wargs
  A yaktaur simulacrum (Vaults:1)
  4 insubstantial wisps
  4 acid dragons
  72 nagas
  15 swamp worms
  7 soldier ants
  20 water moccasins
  12 porcupines
  51 orc warriors
  2 elf zombies
  A swamp drake (shapeshifter) (Depths:5)
  14 swamp drakes
  5 sky beasts
  16 black bears
  4 ice beasts
  An ettin simulacrum (Vaults:2)
  An ice dragon simulacrum (Vaults:1)
  4 phantoms
  5 boggarts (Vaults:3)
  35 ogres
  12 crocodiles
  25 wolves
  2 necrophages
  16 centaurs
  A crocodile (shapeshifter) (Vaults:4)
  6 big kobolds
  19 bullfrogs
  A yaktaur skeleton (Vaults:1)
  2 earth elementals
  2 gnoll sergeants
  A glowing shapeshifter simulacrum (Vaults:4)
  A water moccasin zombie (D:9)
  5 scorpions
  9 killer bees
  A troll zombie (D:12)
  17 wights
  2 electric eels
  7 howler monkeys
  6 crimson imps
  2 centaur zombies
  A bullfrog zombie (D:10)
  2 quasits
  7 jellies
  6 centaur skeletons
  35 orc priests
  5 hounds
  2 bullfrog skeletons
  26 orc wizards
  3 iguanas
  29 worker ants
  Natasha (thrice) (D:3)
  Terence (D:3)
  A killer bee zombie (D:8)
  6 ogre zombies (D:12)
  A hound skeleton (D:4)
  A worker ant zombie (D:6)
  Robin (D:2)
  14 gnolls
  12 adders
  2 shadow imps (D:15)
  3 oozes
  An adder zombie (D:9)
  An adder skeleton (D:8)
  4 worms
  3 dart slugs
  8 leopard geckos
  108 orcs
  6 giant cockroaches
  13 goblins
  11 hobgoblins
  3 jackals (D:4)
  9 quokkas
  A ball python (D:3)
  5 bats
  8 frilled lizards
  A goblin skeleton (D:12)
  3 goblin zombies (D:12)
  A hobgoblin zombie (D:12)
  12 kobolds
  A leopard gecko skeleton (D:4)
  5 orc skeletons (D:12)
  15 orc zombies (D:12)
  A quokka skeleton (D:7)
  9 rats
  A bush (Lair:5)
  4 crawling corpses
  A fungus (Lair:6)
  8 plants
2247 creatures vanquished.

Vanquished Creatures (collateral kills)
  A tengu reaver (Vaults:5)
  A storm dragon (Zot:2)
  3 nagarajas (Snake:3)
  A great orb of eyes (Depths:3)
  11 hydras
  An alligator (Swamp:3)
  A naga sharpshooter (Snake:1)
  2 hell knights (Depths:3)
  A deep troll (shapeshifter) (Vaults:5)
  A naga ritualist (Snake:4)
  3 swamp dragons (Swamp:4)
  2 lindwurms (Swamp:4)
  A moth of wrath (Zot:2)
  A yaktaur (Depths:1)
  2 ice devils (Lair:3)
  A vampire mosquito (Swamp:3)
  2 insubstantial wisps (Swamp:3)
  5 nagas
  A porcupine (D:9)
  2 swamp drakes (Swamp:4)
  2 wolves (D:9)
  2 crocodiles (D:9)
  A scorpion (D:9)
  A jelly (D:9)
  An orc (D:9)
50 creatures vanquished.

Vanquished Creatures (others)
  A deep elf knight (Elf:3)
  A shadow wraith (Vaults:2)
  A vampire mosquito (D:15)
  A swamp drake (Swamp:4)
  3 ogres
  A crawling corpse (Elf:2)
  28 plants
36 creatures vanquished.

Grand Total: 2333 creatures vanquished

Notes
Turn   | Place    | Note
-------+----------+-------------------------------------------
     0 | D:1      | syranez the Minotaur Berserker began the quest for the Orb.
     0 | D:1      | Reached XP level 1. HP: 19/19 MP: 0/0
   318 | D:1      | Reached XP level 2. HP: 24/27 MP: 1/1
   454 | D:1      | Reached skill level 4 in Axes
   495 | D:1      | Found a shattered altar of Ashenzari.
   987 | D:2      | Reached skill level 4 in Fighting
   987 | D:2      | Reached skill level 3 in Armour
   987 | D:2      | Reached XP level 3. HP: 15/33 MP: 2/2
   990 | D:2      | Reached ** piety under Trog
  1043 | D:2      | Reached XP level 4. HP: 24/40 MP: 3/3
  1220 | D:2      | Noticed Robin
  1236 | D:2      | Killed Robin
  1236 | D:2      | Reached skill level 3 in Dodging
  1249 | D:2      | Reached skill level 5 in Axes
  1707 | D:3      | Reached XP level 5. HP: 15/47 MP: 4/4
  1943 | D:3      | Noticed Terence
  1948 | D:3      | Killed Terence
  1972 | D:3      | Noticed Natasha
  1979 | D:3      | Killed Natasha
  1987 | D:3      | Noticed Natasha
  1995 | D:3      | Killed Natasha
  1995 | D:3      | Reached *** piety under Trog
  1995 | D:3      | Reached skill level 4 in Armour
  2082 | D:3      | Reached XP level 6. HP: 55/55 MP: 5/5
  2153 | D:3      | Reached skill level 5 in Fighting
  2153 | D:3      | Reached skill level 6 in Axes
  2214 | D:3      | Noticed Natasha
  2217 | D:3      | Killed Natasha
  2316 | D:3      | Reached skill level 4 in Dodging
  2587 | D:4      | Reached XP level 7. HP: 53/61 MP: 6/6
  2671 | D:4      | Reached skill level 7 in Axes
  2703 | D:4      | Found Uvarphepe's Gadget Shoppe.
  2930 | D:4      | Found a bloodstained altar of Trog.
  2946 | D:5      | Entered Level 5 of the Dungeon
  2994 | D:5      | Reached skill level 5 in Armour
  3135 | D:5      | Noticed Grinder
  3147 | D:5      | Killed Grinder
  3147 | D:5      | Reached skill level 6 in Fighting
  3386 | D:5      | Reached skill level 8 in Axes
  3386 | D:5      | Reached skill level 5 in Dodging
  3386 | D:5      | Reached XP level 8. HP: 43/70 MP: 7/7
  3639 | D:5      | Noticed Prince Ribbit
  3653 | D:5      | Killed Prince Ribbit
  3653 | D:5      | Reached skill level 6 in Armour
  4207 | D:6      | Reached skill level 9 in Axes
  4242 | D:6      | Found a staircase to the Ecumenical Temple.
  4307 | D:6      | Reached **** piety under Trog
  4346 | D:6      | Reached skill level 7 in Fighting
  4458 | D:6      | Reached skill level 6 in Dodging
  4678 | D:6      | Reached XP level 9. HP: 79/79 MP: 8/8
  4925 | D:6      | Reached skill level 10 in Axes
  4925 | D:6      | Reached skill level 7 in Armour
  5746 | D:7      | Reached skill level 8 in Fighting
  6205 | D:8      | Noticed Maurice
  6215 | D:8      | Reached skill level 7 in Dodging
  6244 | D:8      | Reached skill level 11 in Axes
  6616 | D:8      | Reached skill level 8 in Armour
  6669 | D:8      | Reached ***** piety under Trog
  6747 | D:8      | Reached XP level 10. HP: 77/90 MP: 9/9
  7212 | D:8      | Killed Maurice
  7715 | D:9      | Noticed a two-headed ogre
  7725 | D:9      | Killed a two-headed ogre
  7725 | D:9      | Reached skill level 9 in Fighting
  7725 | D:9      | Reached skill level 12 in Axes
  7739 | D:9      | Reached skill level 8 in Dodging
  8180 | D:9      | Reached skill level 9 in Armour
  8239 | D:9      | Found a staircase to the Lair.
  9077 | D:10     | Entered Level 10 of the Dungeon
  9206 | D:10     | Noticed Grum
  9217 | D:10     | Reached XP level 11. HP: 98/98 MP: 10/10
  9223 | D:10     | Killed Grum
  9223 | D:10     | Reached skill level 13 in Axes
  9327 | D:10     | Found a burning altar of Makhleb.
  9364 | D:10     | Noticed Gastronok
  9401 | D:10     | Killed Gastronok
  9401 | D:10     | Reached skill level 10 in Fighting
  9401 | D:10     | Reached skill level 9 in Dodging
  9801 | D:12     | Reached skill level 10 in Armour
  9807 | D:12     | Found a staircase to the Orcish Mines.
  9882 | D:12     | Found a shadowy altar of Dithmenos.
 10531 | D:13     | Noticed a six-headed hydra
 10589 | D:13     | Noticed a centaur warrior
 10596 | D:13     | Killed a centaur warrior
 10596 | D:13     | Received a gift from Trog
 10596 | D:13     | Reached skill level 14 in Axes
 11060 | D:13     | You fall into a shaft and drop 1 floor!
 11090 | D:15     | Entered Level 15 of the Dungeon
 11456 | D:13     | Killed a six-headed hydra
 11456 | D:13     | Reached skill level 11 in Fighting
 11787 | D:12     | Noticed a brown ugly thing
 11797 | D:12     | Killed a brown ugly thing
 11842 | D:12     | Noticed a two-headed ogre
 11846 | D:12     | Noticed Urug
 11848 | D:12     | Killed a two-headed ogre
 11848 | D:12     | Reached skill level 10 in Dodging
 11848 | D:12     | Reached XP level 12. HP: 101/109 MP: 3/11
 11861 | D:12     | Killed Urug
 12110 | Lair:1   | Entered Level 1 of the Lair of Beasts
 12546 | Lair:1   | Reached skill level 11 in Armour
 12907 | Lair:1   | Reached skill level 15 in Axes
 13499 | Lair:2   | Found a gate leading to a gauntlet.
 13523 | Lair:2   | Noticed a seven-headed hydra
 13523 | Lair:2   | You fall into a shaft and drop 2 floors!
 13567 | Lair:3   | Found a staircase to the Swamp.
 13835 | Lair:3   | Reached skill level 12 in Fighting
 14081 | Lair:3   | Reached skill level 11 in Dodging
 14095 | Lair:3   | Reached skill level 16 in Axes
 14349 | Lair:3   | Noticed an eight-headed hydra
 14356 | Lair:3   | Killed an eight-headed hydra
 14356 | Lair:3   | Received a gift from Trog
 14543 | Lair:3   | Reached XP level 13. HP: 112/117 MP: 4/12
 14547 | Lair:3   | Reached skill level 12 in Armour
 16342 | Lair:2   | Found a staircase to the Snake Pit.
 17447 | Snake:1  | Entered Level 1 of the Snake Pit
 17500 | Snake:1  | Reached skill level 17 in Axes
 17795 | Snake:1  | Reached skill level 13 in Fighting
 18466 | Snake:1  | Reached skill level 12 in Dodging
 18584 | Snake:1  | Reached skill level 13 in Armour
 19163 | Snake:1  | Reached XP level 14. HP: 126/128 MP: 4/13
 19215 | Snake:1  | Found Cekauvio's Distillery.
 19228 | Snake:1  | Bought 2 potions of might for 112 gold pieces
 19228 | Snake:1  | Bought a potion of invisibility for 112 gold pieces
 19228 | Snake:1  | Bought a potion of resistance for 140 gold pieces
 19228 | Snake:1  | Bought a potion of curing for 42 gold pieces
 20578 | Snake:2  | Noticed Nikola
 20591 | Snake:2  | Killed Nikola
 20591 | Snake:2  | Reached skill level 18 in Axes
 20889 | Snake:2  | Noticed Roxanne
 20902 | Snake:2  | Killed Roxanne
 21226 | Snake:2  | You fall into a shaft and drop 1 floor!
 21699 | Snake:3  | Reached skill level 14 in Fighting
 21805 | Snake:3  | Noticed a nagaraja
 21807 | Snake:3  | Noticed a nagaraja
 21813 | Snake:3  | Killed a nagaraja
 21819 | Snake:3  | Killed a nagaraja
 22071 | Snake:2  | Noticed Aizul
 22072 | Snake:2  | Noticed a nagaraja
 22084 | Snake:2  | Reached skill level 13 in Dodging
 22087 | Snake:2  | Killed Aizul
 22087 | Snake:2  | Reached skill level 14 in Armour
 22125 | Snake:2  | Noticed a nagaraja
 22135 | Snake:2  | Killed a nagaraja
 22337 | Snake:2  | Reached skill level 19 in Axes
 22689 | Snake:2  | Reached XP level 15. HP: 139/139 MP: 4/14
 22816 | Snake:2  | Killed a nagaraja
 23316 | Snake:3  | Received a gift from Trog
 23534 | Snake:3  | Noticed a nagaraja
 23548 | Snake:3  | Killed a nagaraja
 23557 | Snake:3  | Noticed a nagaraja
 23562 | Snake:3  | Killed a nagaraja
 24654 | Snake:4  | Entered Level 4 of the Snake Pit
 24654 | Snake:4  | Found a shimmering blue altar of Sif Muna.
 24877 | Snake:4  | Noticed Bai Suzhen
 24905 | Snake:3  | Killed Bai Suzhen
 24905 | Snake:3  | Reached skill level 15 in Fighting
 25461 | Snake:4  | Reached skill level 20 in Axes
 25616 | Snake:4  | Received a gift from Trog
 25624 | Snake:4  | Noticed a nagaraja
 26216 | Snake:3  | Killed a nagaraja
 26216 | Snake:3  | Reached skill level 15 in Armour
 26216 | Snake:3  | Reached skill level 14 in Dodging
 26336 | Snake:4  | Got a brightly glowing battleaxe {god gift}
 26337 | Snake:4  | Identified the +8 battleaxe of the Onslaught {flame, rC++
                  | Str+4} (Trog gifted it to you on level 4 of the Snake Pit)
 26847 | Snake:4  | Noticed a nagaraja
 26867 | Snake:4  | Killed a nagaraja
 27045 | Snake:4  | Noticed a nagaraja
 27065 | Snake:4  | Killed a nagaraja
 27604 | Snake:4  | Noticed a nagaraja
 27971 | Snake:4  | Noticed a nagaraja
 27971 | Snake:4  | Noticed a nagaraja
 28055 | Snake:4  | Reached XP level 16. HP: 149/149 MP: 15/15
 28923 | Snake:4  | Received a gift from Trog
 29572 | Snake:4  | Got a serpentine rune of Zot
 29607 | Snake:4  | Got a pitted battleaxe {god gift}
 29608 | Snake:4  | Identified the +9 battleaxe of Insufficient Pleasure
                  | {antimagic, MR+ Dex+5} (Trog gifted it to you on level 4 of
                  | the Snake Pit)
 29699 | Snake:1  | Bought a potion of brilliance for 56 gold pieces
 29699 | Snake:1  | Bought a potion of curing for 42 gold pieces
 29699 | Snake:1  | Bought a potion of cancellation for 112 gold pieces
 29699 | Snake:1  | Bought a potion of ambrosia for 112 gold pieces
 29790 | Lair:3   | Got a vibrating silver ring
 29791 | Lair:3   | Identified the ring "Zoukio" {+Fly Str+7 Dex+3} (You found
                  | it on level 3 of the Lair of Beasts)
 29926 | Lair:5   | Found a staircase to the Slime Pits.
 29927 | Lair:5   | Found a viscous altar of Jiyva.
 29976 | Lair:5   | Reached skill level 21 in Axes
 30779 | Lair:6   | Entered Level 6 of the Lair of Beasts
 30883 | Lair:6   | Reached skill level 1 in Evocations
 30942 | Lair:6   | Reached skill level 16 in Fighting
 31203 | Lair:6   | Reached skill level 2 in Evocations
 31712 | Lair:6   | Reached skill level 16 in Armour
 31956 | Lair:6   | Reached skill level 15 in Dodging
 32065 | Lair:6   | Received a gift from Trog
 32414 | Lair:6   | Reached skill level 3 in Evocations
 32878 | Swamp:1  | Entered Level 1 of the Swamp
 33126 | Swamp:1  | Reached XP level 17. HP: 159/159 MP: 18/18
 34727 | Swamp:3  | Noticed Jorgrun
 34736 | Swamp:3  | Killed Jorgrun
 34763 | Swamp:3  | Reached ****** piety under Trog
 34763 | Swamp:3  | Reached skill level 4 in Evocations
 34768 | Swamp:3  | Received a gift from Trog
 36172 | Swamp:4  | Entered Level 4 of the Swamp
 36279 | Swamp:4  | Reached skill level 5 in Evocations
 36893 | Swamp:4  | Reached skill level 17 in Fighting
 37182 | Swamp:4  | Reached skill level 17 in Armour
 37243 | Swamp:4  | Received a gift from Trog
 37265 | Swamp:4  | Got a decaying rune of Zot
 38811 | D:11     | Noticed Sonja
 38902 | D:11     | Noticed Josephine
 38904 | D:11     | Reached skill level 6 in Evocations
 38908 | D:11     | Reached skill level 16 in Dodging
 38913 | D:11     | Killed Josephine
 38913 | D:11     | Reached XP level 18. HP: 152/170 MP: 21/21
 39103 | D:11     | Noticed Erolcha
 39107 | D:11     | Killed Erolcha
 39494 | D:11     | Noticed Sonja
 39494 | D:11     | Sonja changed into Sonja the cyclops
 39501 | D:11     | Killed Sonja the cyclops
 40015 | D:12     | Reached skill level 22 in Axes
 40034 | D:12     | Received a gift from Trog
 40483 | Orc:1    | Entered Level 1 of the Orcish Mines
 40838 | Orc:1    | Found a dark tunnel.
 40855 | Volcano  | Entered a volcano
 40977 | Volcano  | Reached skill level 8 in Evocations
 40977 | Volcano  | Reached XP level 19. HP: 177/177 MP: 21/24
 41453 | Orc:2    | Entered Level 2 of the Orcish Mines
 41453 | Orc:2    | Noticed Saint Roka
 41458 | Orc:2    | Killed Saint Roka
 41681 | Orc:2    | Found a staircase to the Elven Halls.
 41686 | Orc:2    | Received a gift from Trog
 42433 | Orc:2    | Found a roughly hewn altar of Beogh.
 42809 | Orc:2    | Found Juekox's Antique Weapon Shop.
 42812 | Orc:2    | Found Fieniugash's Magic Scroll Boutique.
 42813 | Orc:2    | Found Zuogebipp's Book Shop.
 42814 | Orc:2    | Found Koirredgh's Magic Scroll Shop.
 42818 | Orc:2    | Bought a scroll of fear for 59 gold pieces
 42818 | Orc:2    | Bought a scroll of magic mapping for 59 gold pieces
 42820 | Orc:2    | Bought a scroll of magic mapping for 56 gold pieces
 42820 | Orc:2    | Bought 2 scrolls of magic mapping for 112 gold pieces
 43739 | D:14     | Found a gate to the Vaults.
 44500 | D:15     | Reached skill level 18 in Fighting
 44529 | D:15     | Received a gift from Trog
 44685 | D:15     | Reached skill level 9 in Evocations
 44812 | D:15     | Found Xoduots's Antique Armour Boutique.
 44988 | D:15     | Found a staircase to the Depths.
 45119 | Vaults:1 | Entered Level 1 of the Vaults
 45388 | Vaults:1 | Reached skill level 18 in Armour
 45742 | Vaults:1 | Reached XP level 20. HP: 188/188 MP: 26/26
 45864 | Vaults:1 | Received a gift from Trog
 46121 | Vaults:1 | Found Cikhic's Food Emporium.
 46187 | Vaults:1 | Reached skill level 17 in Dodging
 46409 | Vaults:1 | Received a gift from Trog
 47050 | Vaults:1 | Reached skill level 10 in Evocations
 47741 | Vaults:2 | Found a staircase to the Crypt.
 47741 | Vaults:2 | Found an ancient bone altar of Kikubaaqudgha.
 47742 | Vaults:2 | Found a basalt altar of Yredelemnul.
 47840 | Vaults:2 | Received a gift from Trog
 47929 | Vaults:2 | Reached skill level 23 in Axes
 48547 | Vaults:2 | Reached skill level 19 in Fighting
 48868 | Vaults:3 | Received a gift from Trog
 48869 | Vaults:3 | Reached skill level 19 in Armour
 49029 | Vaults:3 | Noticed Mennas
 49067 | Vaults:3 | Killed Mennas
 49067 | Vaults:3 | Reached XP level 21. HP: 198/198 MP: 26/28
 49825 | Vaults:3 | Found Cocaol's Book Boutique.
 49906 | Vaults:3 | Reached skill level 11 in Evocations
 49972 | Vaults:3 | Received a gift from Trog
 49972 | Vaults:3 | Reached skill level 18 in Dodging
 50192 | Vaults:3 | Noticed Jory
 50205 | Vaults:3 | Killed Jory
 50877 | Vaults:4 | Found Obraakk's Armour Shoppe.
 50904 | Vaults:4 | Found Vuro's Book Emporium.
 51151 | Vaults:4 | Received a gift from Trog
 51250 | Vaults:4 | Found Xyleiqok's Magic Scroll Boutique.
 51258 | Vaults:4 | Bought a scroll of magic mapping for 77 gold pieces
 51258 | Vaults:4 | Bought a scroll of identify for 44 gold pieces
 51258 | Vaults:4 | Bought a scroll of identify for 44 gold pieces
 51258 | Vaults:4 | Bought a scroll of identify for 44 gold pieces
 51684 | Vaults:4 | Found Huen's Gadget Shop.
 51756 | Vaults:4 | Received a gift from Trog
 51757 | Vaults:4 | Reached skill level 20 in Fighting
 52504 | Elf:1    | Entered Level 1 of the Elven Halls
 52589 | Elf:1    | Reached skill level 20 in Armour
 53000 | Elf:1    | Found a radiant altar of Vehumet.
 53159 | Elf:1    | Found Hiwevufota's General Store.
 53162 | Elf:1    | Bought a potion of curing for 54 gold pieces
 53162 | Elf:1    | Bought a potion of cancellation for 144 gold pieces
 53162 | Elf:1    | Bought a potion of heal wounds for 90 gold pieces
 53221 | Elf:1    | Reached skill level 24 in Axes
 54211 | Elf:2    | Reached XP level 22. HP: 209/209 MP: 9/29
 54296 | Elf:2    | Received a gift from Trog
 54345 | Elf:2    | Found a runed translucent door.
 54538 | Elf:2    | Found a runed translucent door.
 55465 | Elf:3    | Entered Level 3 of the Elven Halls
 55640 | Elf:3    | Found a magical portal.
 55984 | WizLab   | Noticed an ancient lich
 56566 | Elf:3    | Reached skill level 19 in Dodging
 56738 | Elf:3    | Received a gift from Trog
 57028 | Elf:3    | Identified the ring "Hanefru" {rElec rN+ Str-3 Int+3 Dex+4}
 57035 | Elf:3    | Identified the +8 short sword of Magnificence {pierce,
                  | rPois Int+2}
 57035 | Elf:3    | Identified the ring "Aticad" {Wiz +Fly Str+4 Int+6}
 57035 | Elf:3    | Identified the +7 falchion of Dilir {antimagic, *Noise
                  | rElec rPois Int+9}
 57035 | Elf:3    | Identified the ring "Qiapt" {Fire rElec rPois SInv Stlth+}
 57044 | Elf:3    | Received a gift from Trog
 57692 | Elf:3    | Identified the +4 mace "Omel" {venom, *Noise rElec rN+
                  | Int+2}
 58299 | Elf:3    | Identified the +1 chain mail "Etsaut Cuth" {Str+4}
 58718 | Depths:1 | Entered Level 1 of the Depths
 58980 | D:15     | Reached skill level 21 in Fighting
 59465 | Depths:1 | Received a gift from Trog
 59479 | D:15     | Reached skill level 21 in Armour
 60052 | Depths:1 | Found Yshe's Antique Weapon Shoppe.
 60059 | Depths:1 | Found a sparkling altar of Nemelex Xobeh.
 60510 | Depths:1 | Found a gateway to Hell.
 60649 | Depths:1 | Reached XP level 23. HP: 132/218 MP: 10/30
 61343 | Depths:1 | Received a gift from Trog
 61861 | Depths:1 | Received a gift from Trog
 62175 | Depths:1 | Identified the +6 battleaxe of Dividends {flame, *Contam
                  | rF+ SInv Stlth+} (Trog gifted it to you on level 1 of the
                  | Depths)
 62243 | Depths:2 | Reached skill level 20 in Dodging
 62292 | Depths:2 | Reached skill level 25 in Axes
 62462 | Depths:2 | Found a one-way gate leading to the halls of Pandemonium.
 62530 | Depths:2 | Found a one-way gate to the infinite horrors of the Abyss.
 62608 | Depths:2 | Found Qaisaust's Gadget Boutique.
 63069 | Depths:2 | Noticed Margery
 63078 | Depths:2 | Killed Margery
 63315 | Depths:2 | Noticed a greater mummy
 63322 | Depths:2 | Killed a greater mummy
 63447 | Depths:2 | Noticed a greater mummy
 63447 | Depths:2 | Noticed a greater mummy
 63448 | Depths:2 | Found the +7 sceptre of Torment {pain, torment}
 63455 | Depths:2 | Killed a greater mummy
 63470 | Depths:2 | Killed a greater mummy
 63937 | Depths:3 | Noticed Xtahua
 63950 | Depths:2 | Killed Xtahua
 64083 | Depths:3 | Received a gift from Trog
 64293 | Depths:3 | Noticed Frederick
 64310 | Depths:3 | Killed Frederick
 64960 | Depths:3 | Reached skill level 22 in Fighting
 65231 | Depths:3 | Found a shadowy altar of Dithmenos.
 65498 | Depths:3 | Reached skill level 22 in Armour
 66690 | Depths:4 | Found Gozag's Antique Armour Emporium.
 66992 | Depths:4 | Reached XP level 24. HP: 225/230 MP: 10/30
 67098 | Depths:4 | Found a gateway to a ziggurat.
 67131 | Depths:4 | Received a gift from Trog
 67138 | Depths:4 | Identified the +8 battleaxe "Ryna Dyl" {protect, Int+2}
                  | (Trog gifted it to you on level 4 of the Depths)
 67850 | Depths:4 | Found Gozag's Assorted Antiques.
 67915 | Depths:4 | Found an opulent altar of Gozag.
 67917 | Depths:4 | Found Gozag's Antique Armour Shoppe.
 67949 | Depths:4 | Reached skill level 21 in Dodging
 68407 | Depths:5 | Entered Level 5 of the Depths
 69000 | Depths:5 | Reached skill level 26 in Axes
 69325 | Depths:5 | Found Xeipit's Weapon Shop.
 69326 | Depths:5 | Found Kampean's General Store.
 69340 | Depths:5 | Found Uze Rane's General Store.
 69436 | Depths:5 | Bought +0 gold dragon scales for 1440 gold pieces
 69455 | Depths:5 | Found Ablih's Antique Armour Boutique.
 69465 | Depths:5 | Bought a pair of embroidered gloves for 225 gold pieces
 69465 | Depths:5 | Bought a runed cloak for 225 gold pieces
 69533 | Depths:5 | Found Fazabump's Gadget Shoppe.
 69726 | Depths:5 | Found a gate to the Realm of Zot.
 70365 | Vaults:5 | Entered Level 5 of the Vaults
 70365 | Vaults:5 | Noticed Boris
 70378 | Vaults:5 | Received a gift from Trog
 70383 | Vaults:4 | Killed Boris
 70383 | Vaults:4 | Reached skill level 23 in Fighting
 70399 | Vaults:4 | Reached skill level 23 in Armour
 70957 | Vaults:5 | Reached XP level 25. HP: 234/241 MP: 10/30
 70973 | Vaults:5 | Received a gift from Trog
 71760 | Vaults:5 | Identified the +7 plate armour "Ipeps" {*Contam rF+ Int+4}
                  | (You found it on level 5 of the Vaults)
 71886 | Vaults:5 | Noticed an ancient lich
 71899 | Vaults:5 | Killed an ancient lich
 71899 | Vaults:5 | Reached skill level 22 in Dodging
 72003 | Vaults:5 | Identified a scroll of acquirement
 72013 | Vaults:5 | Got a pair of twisted boots
 72019 | Vaults:5 | Identified the +2 pair of boots "Kanno" {+Fly Str-3 Int+9
                  | Dex-4} (You acquired it on level 5 of the Vaults)
 72156 | Vaults:5 | Received a gift from Trog
 72604 | Vaults:5 | Identified the ring "Damoaff" {*Corrode rC+ Str+3 SInv
                  | Stlth+}
 72868 | Vaults:5 | Got a silver rune of Zot
 73771 | Vaults:5 | Found the +2 cloak of the Thief {+Fog Slay-2 SInv Stlth+}
 74222 | Zot:1    | Entered Level 1 of the Realm of Zot
 74257 | Zot:1    | Reached skill level 27 in Axes
 74266 | Zot:1    | Reached skill level 24 in Fighting
 74423 | Zot:1    | You fall into a shaft and drop 1 floor!
 74436 | Zot:2    | Reached skill level 24 in Armour
 74467 | Zot:2    | Reached skill level 23 in Dodging
 74954 | Zot:1    | Received a gift from Trog
 74961 | Zot:1    | Noticed an orb of fire
 74963 | Zot:1    | Gained mutation: Your body sometimes deteriorates upon
                  | taking damage. [an orb of fire]
 74978 | Zot:1    | Killed an orb of fire
 74978 | Zot:1    | Reached XP level 26. HP: 253/253 MP: 10/30
 76266 | Zot:2    | Reached skill level 24 in Dodging
 77076 | Zot:2    | HP: 8/257 [ettin/+0 dire flail (6)]
 77076 | Zot:2    | Killed from afar by a fire giant

Levels and vault maps discovered:
D:1:      nicolae_arrival_washed_ashore, layout_loops_ring,
          minmay_misc_feat_columns, evilmike_ruin_ashenzari
D:2:      wad_woods_tower, layout_basic, minmay_domino_2, uniq_robin
D:3:      layout_rooms, first_ration, uniq_terence, uniq_natasha
D:4:      layout_cave_pools, kennysheep_mini_moat, serial_shops, kennysheep_mini
D:5:      layout_basic, uniq_grinder, uniq_prince_ribbit1
D:6:      layout_loops_ring, minmay_temple_entry_tees
D:7:      layout_loops_ring
D:8:      layout_layer_cave, uniq_maurice
D:9:      layout_gridville, minmay_lair_entry_grove
D:10:     layout_roguey, basic_altar, blue_anna_alchemist
          [blue_anna_fruit_fields, blue_anna_fruit_fields], uniq_grum,
          uniq_gastronok
D:11:     layout_roguey, hangedman_decor_opposing, grunt_decor_cap, uniq_sonja,
          uniq_erolcha, uniq_josephine
D:12:     layout_rooms, zombieorc2_lemuel, basic_altar, kennysheep_small_square,
          uniq_urug
D:13:     layout_layer_cave
D:14:     layout_basic, erik_vaults_1
D:15:     hangedman_depths_entry_try_elsewhere_first, layout_cave_pools,
          chequers_decorated_corner, serial_shops, nicolae_shop_waterfront,
          ebering_dispersal_statue_hall
Lair:1:   layout_gridlike
Lair:2:   layout_cave_pods, guppyfry_snake_entry_garden, gauntlet_entry_generic,
          minivault_25, beast_lair_carwin_4
Lair:3:   beast_lair_carwin_large_4, layout_long_grid,
          minmay_swamp_entry_reptiles, portal_ice_cave_demonic_guard,
          st_stairs_13, nicolae_quartered_pool_super, minmay_lair_oklob_chamber
Lair:4:   layout_gridlike, st_stairs_10
Lair:5:   layout_gridlike, slime_altar_1, minmay_lair_oklob_items
Lair:6:   due_jungle_book, layout_cave_shapes, minivault_27,
          minmay_another_anthill, lemuel_fruit_tree, serial_bayou_shore_b
Swamp:1:  layout_falls_marsh, evilmike_swamp_ruin_house_3
Swamp:2:  layout_basic_swamp, evilmike_swamp_ruin_rubble_2
Swamp:3:  layout_basic_swamp, evilmike_swamp_ruin_house_4, uniq_jorgrun
Swamp:4:  swamp_alternative, layout_basic_swamp
Snake:1:  layout_layer_cave, serial_shops, shop_fountains, nicolae_snake_shapes
Snake:2:  layout_basic, serial_corexii_hall, corexii_hall_statues_deadend,
          corexii_hall_statues_x, corexii_hall_statues_deadend,
          chequers_hall_statues_wall_a, uniq_nikola, uniq_roxanne, uniq_aizul
Snake:3:  layout_cave_town, nrook_loot_triangle
Snake:4:  minmay_snake_end_coiled, layout_grid_shapes, basic_altar, st_stairs_3,
          uniq_bai_suzhen
Orc:1:    layout_caves, nicolae_volcano_entry_lava_flow
Orc:2:    st_orc_pillars, layout_caves, mines1_david, uniq_saint_roka
Elf:1:    eino_elf_arrival_sip, layout_loops_corners, basic_altar,
          evilmike_minifort, minmay_shop_star
Elf:2:    layout_rooms, chequers_big_river
Elf:3:    minmay_elf_hall_curves, layout_gridlike, serial_sigils,
          serial_sigils_hangedman_leer, serial_sigils_hangedman_carve,
          serial_sigils_hangedman_confine, serial_sigils_hangedman_quiver,
          serial_sigils_hangedman_scratch, mu_enter_wizlab_4
Vaults:1: v_alt_pattern_3, ontoclasm_vaults_ligature, ontoclasm_vaults_twist,
          v_misc_2, v_misc_3, nicolae_vaults_specimen_jars,
          nicolae_vaults_big_ls, vaults_mumra_hex, vaults_room_grid,
          nicolae_vaults_circle_grid_a, nicolae_vaults_circle_grid_a, v_misc_25,
          vaults_room_corners, nicolae_vaults_mini_display_case,
          layout_vaults_omnibox, serial_shops, shop
Vaults:2: minmay_crypt_entry_necro_gods, ontoclasm_vaults_spin, st_more_cells,
          vaults_room_boxed, vaults_dpeg_cross,
          nicolae_vaults_network_periphery, vaults_room_large_hall,
          ontoclasm_vaults_hangar, nicolae_vaults_border_crossing,
          vaults_dpeg_hooks, layout_vaults_big_cross
Vaults:3: nicolae_vaults_network_square, nicolae_vaults_little_squares_1,
          nicolae_vaults_little_squares_2, hangedman_vaults_nails,
          hangedman_vaults_impose, vaults_room_pool, vaults_room_corners,
          vaults_room_door_ring, vaults_standard_mumra_lines, vaults_room_fours,
          v_misc_5, vaults_mumra_chevron_long, nicolae_vaults_little_ls,
          layout_vaults_ring, serial_shops, shop, uniq_mennas, uniq_jory
Vaults:4: hangedman_vaults_stretched_pinwheel, hangedman_vaults_stagger,
          vaults_room_door_ring, nicolae_vaults_ninety_degrees,
          hangedman_vaults_variations, nicolae_vaults_little_squares_3,
          nicolae_vaults_minivaults, ontoclasm_vaults_gateway,
          nicolae_vaults_little_squares_3, nicolae_vaults_little_squares_1,
          v_misc_33, nicolae_vaults_big_angled_halls, v_pattern_3, v_misc_2,
          nicolae_vaults_rhombus_6, vaults_dpeg_diagonal,
          nicolae_vaults_ring_of_whatevers, layout_vaults_maze, serial_shops,
          nicolae_shop_waterfront, nicolae_shop_crystal, shop,
          nicolae_shop_window_shopping
Vaults:5: uniq_boris
Depths:1: four-leaf_vault, layout_cave_pools, grunt_hell_entry_dis_old,
          nemelex_xobeh_ov_fountains_minmay, serial_shops, nicolae_shop_trees,
          minmay_splitting_lines, abandoned_shop, minmay_pinched_square
Depths:2: minmay_guarded_unrand_sceptre_of_torment, layout_basic, serial_shops,
          kennysheep_little_box, grunt_metal_band, hangedman_abyss_entry_splay,
          rand_demon_pan_entry_8, serial_bayou_shore_a,
          infiniplex_staircase_river
Depths:3: hangedman_cross_cluster, layout_cave_pools,
          chequers_serial_rivers_large_a, hell_entry, pan_entry, firewood_loft,
          infiniplex_staircase_spiral, uniq_frederick, uniq_xtahua
Depths:4: kennysheep_gozag_temple, layout_cave_pools, enter_ziggurat_d,
          marbit_kobold_abyss_entry, hell_entry
Depths:5: evilmike_zot_entry_round, layout_twisted_cross, abyss_entry,
          serial_bayou_ford_a, serial_shops, shop, shop, shop, shop, shop,
          hell_entry
Zot:1:    layout_cathedral_of_symmetry, lemuel_lake_of_fire
Zot:2:    lemuel_halls_of_wrath, layout_misc_corridors, st_small_dragon_hoard_2

Skill      XL: |  1  2  3  4  5  6  7  8  9 10 11 12 13 14 15 16 17 18 19 20 21 22 23 24 25 26 |
---------------+-------------------------------------------------------------------------------+-----
Axes           | 4 5 6 8 9 11 12 14 16 17 19 20 21 22 23 24 25 26 27 | 27.0
Fighting       | 4 5 6 7 8 9 11 12 13 14 15 16 17 18 19 20 21 22 23 24 | 24.9
Armour         | 3 4 5 6 8 9 10 11 13 14 15 16 17 18 19 20 21 22 23 24 | 24.8
Dodging        | 3 4 5 6 7 8 10 11 12 13 14 15 16 17 18 19 20 21 23 24 | 24.4
Evocations     | 3 6 8 9 10 11 | 11.0

Action                   |  1- 3 |  4- 6 |  7- 9 | 10-12 | 13-15 | 16-18 | 19-21 | 22-24 | 25-27 || total
-------------------------+-------+-------+-------+-------+-------+-------+-------+-------+-------++-------
Melee: Hand axe          |    44 |   159 |   282 |   278 |       |       |       |       |       ||   763
       Headbutt          |     7 |    22 |    57 |   111 |   160 |   144 |   290 |   525 |   229 ||  1545
       Battleaxe         |       |       |       |   195 |   720 |   793 |  1160 |  1375 |   575 ||  4818
Throw: Javelin           |       |       |       |       |    21 |       |     4 |    26 |     2 ||    53
Invok: Berserk           |     1 |     4 |     3 |     6 |     7 |     4 |     5 |     8 |     5 ||    43
       Brothers in Arms  |       |       |       |     5 |    15 |     4 |     1 |     8 |     7 ||    40
       Trog's Hand       |       |       |       |       |     1 |     2 |     4 |     2 |       ||     9
 Abil: Evoke Flight      |       |       |       |       |       |       |       |     1 |       ||     1
Evoke: Wand              |       |       |       |     1 |       |     1 |       |     1 |       ||     3
  Use: Scroll            |       |     4 |     3 |     1 |    19 |    18 |    11 |    15 |    12 ||    83
       Potion            |       |       |       |     1 |     3 |     1 |     1 |     1 |     1 ||     8
 Stab: Paralysed         |       |       |       |     3 |       |       |       |       |       ||     3
       Sleeping          |       |       |       |     5 |     4 |     9 |     7 |    10 |       ||    35
       Distracted        |       |       |       |       |     1 |       |     2 |     9 |     1 ||    13
  Eat: Chunk             |     1 |     9 |     6 |    23 |     8 |    19 |    30 |    26 |     8 ||   130
       Ration            |       |       |     3 |     4 |    14 |     8 |     6 |    11 |     6 ||    52
Armor: Animal skin       |     6 |       |       |       |       |       |       |       |       ||     6
       Chain mail        |     9 |    60 |    28 |       |       |       |       |       |       ||    97
       Plate armour      |       |       |    54 |    73 |       |       |       |       |       ||   127
       Shadow dragon sca |       |       |       |   160 |   292 |   293 |   380 |   474 |       ||  1599
       Gold dragon scale |       |       |       |       |       |       |       |    60 |   316 ||   376
Dodge: Dodged            |    27 |    98 |   157 |   459 |   626 |   644 |   858 |  1144 |   568 ||  4581
Block: Other             |       |       |       |       |       |       |       |       |    27 ||    27
